 Dungeon Crawl Stone Soup version 0.25.1-1-g288607f5aa (webtiles) character file.

Game seed: 11164558971702403193

700 Goreval the Chiller (level 7, -3/53 HPs)
             Began as a Barachi Ice Elementalist on July 26, 2020.
             Shot with an arrow by a centaur (10 damage)
             ... on level 5 of the Dungeon.
             The game lasted 00:10:22 (5857 turns).

Goreval the Chiller (Barachi Ice Elementalist)      Turns: 5857, Time: 00:10:22

Health: -3/53      AC:  6    Str: 10    XL:     7   Next: 65%
Magic:  7/10       EV: 18    Int: 17    God:
Gold:   216        SH:  0    Dex: 12    Spells: 2/10 levels left

rFire    . . .     SeeInvis .   f - +0 dagger
rCold    . . .     Gourm    .   (no shield)
rNeg     . . .     Faith    .   a - +0 robe
rPois    .         Spirit   .   (no helmet)
rElec    .         Reflect  .   (no cloak)
rCorr    .         Harm     .   (no gloves)
MR       .....                  (no boots)
Stlth    ++........             (no amulet)
HPRegen  0.17/turn              A - +4 ring of evasion
MPRegen  0.12/turn              n - +4 ring of protection

@: can't hop, slow
A: +LOS, swims, slowness 1, strong legs 1
a: Hop


You were on level 5 of the Dungeon.
You were not hungry.

You visited 1 branch of the dungeon, and saw 5 of its levels.

You collected 216 gold pieces.

Inventory:

Hand Weapons
 f - a +0 dagger (weapon)
Missiles
 e - 224 stones (quivered)
 t - 2 throwing nets
Armour
 a - a +0 robe (worn)
Jewellery
 k - an uncursed amulet of faith
 n - a +4 ring of protection (right hand)
 v - a +6 ring of strength
 A - a +4 ring of evasion (left hand)
Wands
 s - a wand of polymorph (9)
Scrolls
 b - 6 scrolls of identify {unknown}
 d - a scroll of fear {unknown}
 i - a scroll of enchant armour {unknown}
 p - 4 scrolls of remove curse {unknown}
 r - 3 scrolls of amnesia {unknown}
Potions
 h - 3 potions of lignification {unknown}
 j - 4 potions of curing {unknown}
 l - a potion of cancellation {unknown}
 m - 2 potions of resistance {unknown}
 o - 2 potions of might {unknown}
 q - 2 potions of heal wounds {unknown}
 w - a potion of flight {unknown}
 x - 2 potions of stabbing {unknown}
 z - a potion of haste
Comestibles
 c - 10 rations


   Skills:
 + Level 3.8 Fighting
 * Level 5.6 Dodging
 - Level 2.0 Stealth
 - Level 2.1 Spellcasting
 * Level 3.1 Summonings
 * Level 7.4 Ice Magic


You had 2 spell levels left.
You knew the following spells:

 Your Spells              Type           Power        Failure   Level  Hunger
a - Freeze                Ice            ####         1%          1    #......
b - Frozen Ramparts       Ice            ####..       2%          3    ###....
c - Summon Ice Beast      Ice/Summ       ###.....     22%         4    #####..

Your spell library contained the following spells:

 Spells                   Type           Power        Failure   Level  Hunger
 Ensorcelled Hibernation  Hex/Ice        ##....       6%          2    ###....
 Call Imp                 Summ           ##......     8%          2    ###....
 Animate Skeleton         Necr           N/A          19%         1    #......
 Corona                   Hex            #......      19%         1    #......
 Magic Dart               Conj           #...         19%         1    #......
 Pain                     Necr           #...         19%         1    #......
 Blink                    Tloc           N/A          28%         2    ###....
 Slow                     Hex            #.......     28%         2    ###....
 Ozocubu's Armour         Chrm/Ice       ##......     12%         3    ###....
 Hailstorm                Conj/Ice       ##......     38%         4    #####..
 Confusing Touch          Hex            #.......     50%         3    ###....
 Conjure Flame            Conj/Fire      #.......     50%         3    ###....
 Dazzling Flash           Conj/Hex       #.....       50%         3    ###....
 Mephitic Cloud           Conj/Pois/Air  #.......     50%         3    ###....
 Tukima's Dance           Hex            #.......     50%         3    ###....
 Vampiric Draining        Necr           #.........   50%         3    ###....
 Animate Dead             Necr           N/A          88%         4    #####..
 Agony                    Necr           #.......     99%         5    ######.


Dungeon Overview and Level Annotations

Branches:
Dungeon (5/15)
 Temple: D:4-7

Altars:

Shops:
D:4 *


Innate Abilities, Weirdness & Mutations

You can be seen from farther away. (+LOS)
You can swim through water.
You cover ground slowly.
You can hop short distances.


Message History

The centaur shoots an arrow.
The arrow misses you.
The centaur shoots an arrow.
The arrow hits you!
You see here 2 arrows.
The centaur shoots an arrow.
The arrow closely misses you.
You see here an arrow.
The centaur shoots an arrow.
The arrow completely misses you.
The centaur shoots an arrow.
The arrow completely misses you.
Hop to where?
Boing!
The centaur shoots an arrow.
The arrow misses you.
The centaur shoots an arrow.
The arrow closely misses you.
You see here an arrow.
The centaur shoots an arrow.
The arrow hits you!
You see here an arrow.
The centaur shoots an arrow.
The arrow hits you!
You see here an arrow.
The centaur shoots an arrow.
The arrow hits you!
* * * LOW HITPOINT WARNING * * *
The centaur shoots an arrow.
The arrow hits you!
You die...

#####.....# #......
#.........##############......
+..............)..............
#.........##############......
########.## #######
#.#########.#############
#.......#...((.c....(...#
#.#.#Z###########c#
#...(....#@((.....# #
###c#.##.########## #.
#.#Z##.# ..###..##.#.##.#.
........$........#
..........#......#
.#####.####......# ...
.......# ### #......#


You could see a centaur.

Vanquished Creatures
  An ogre (D:5)
  A hound (D:4)
  3 orc priests
  3 orc wizards
  A centaur skeleton (D:4)
  Ijyb (D:3)
  An iguana (D:4)
  Natasha (thrice) (D:2)
  7 gnolls
  7 adders
  3 oozes
  An adder skeleton (D:2)
  3 worms (D:3)
  A leopard gecko (D:1)
  10 orcs
  A ball python (D:4)
  8 bats
  3 giant cockroaches
  7 goblins
  8 hobgoblins
  13 jackals
  8 kobolds
  3 quokkas
  3 frilled lizards
  5 rats
105 creatures vanquished.

Notes
Turn   | Place    | Note
-------+----------+-------------------------------------------
     0 | D:1      | Goreval the Barachi Ice Elementalist began the quest for
                  | the Orb.
     0 | D:1      | Reached XP level 1. HP: 13/13 MP: 3/3
    35 | D:1      | Reached skill level 5 in Ice Magic
    35 | D:1      | Reached XP level 2. HP: 20/20 MP: 0/5
   370 | D:1      | Reached skill level 1 in Fighting
   374 | D:1      | Reached XP level 3. HP: 23/26 MP: 3/6
   532 | D:1      | Learned a level 3 spell: Frozen Ramparts
  1138 | D:2      | Noticed Natasha
  1146 | D:2      | Killed Natasha
  1146 | D:2      | Reached XP level 4. HP: 12/33 MP: 7/7
  1354 | D:2      | Noticed Natasha
  1367 | D:2      | Killed Natasha
  1741 | D:2      | Reached XP level 5. HP: 37/38 MP: 5/8
  1791 | D:2      | Reached skill level 6 in Ice Magic
  2325 | D:2      | Noticed Natasha
  2571 | D:2      | Killed Natasha
  2894 | D:3      | Reached XP level 6. HP: 25/46 MP: 1/9
  2973 | D:3      | Learned a level 4 spell: Summon Ice Beast
  3075 | D:3      | Noticed Ijyb
  3100 | D:3      | Killed Ijyb
  3507 | D:3      | Reached skill level 1 in Summonings
  3841 | D:3      | Reached skill level 5 in Dodging
  4633 | D:4      | Reached XP level 7. HP: 52/52 MP: 4/10
  4809 | D:3      | Reached skill level 7 in Ice Magic
  5414 | D:4      | Found Cuif's Assorted Antiques.
  5596 | D:5      | Entered Level 5 of the Dungeon
  5857 | D:5      | Shot with an arrow by a centaur

Illustrated notes

Levels and vault maps discovered:
D:1:      dpeg_arrival_orchard, layout_basic, st_stairs_1
D:2:      layout_basic, uniq_natasha
D:3:      layout_basic, uniq_ijyb
D:4:      layout_cave_pools, first_ration, serial_shops, nicolae_shop_crystal
D:5:      layout_basic, overflow_temple_1_default,
          nicolae_overflow_crystal_walls, serial_shops, shop_scrolls

Skill      XL: |  1  2  3  4  5  6  7 |
---------------+----------------------+-----
Ice Magic      | 5 6 7 |  7.4
Stealth        | 2 |  2.0
Fighting       | 1 2 3 |  3.8
Dodging        | 3 4 5 |  5.6
Summonings     | 2 3 |  3.1
Spellcasting   | |  2.1

Action                   |  1- 3 |  4- 6 |  7- 9 || total
-------------------------+-------+-------+-------++-------
Melee: Dagger            |    19 |    14 |    24 ||    57
       Unarmed           |    10 |       |       ||    10
Throw: Stone             |       |     2 |     1 ||     3
 Cast: Freeze            |    38 |   116 |    40 ||   194
       Frozen Ramparts   |       |     2 |     1 ||     3
 Abil: Hop               |     2 |     3 |     3 ||     8
  Eat: Chunk             |     1 |    14 |     4 ||    19
Armor: Robe              |     7 |    15 |    10 ||    32
Dodge: Dodged            |    37 |    87 |    61 ||   185
